 Dungeon Crawl Stone Soup version 0.23-a0-639-ga9a3373 (webtiles) character file.

4870 Azzok the Geomancer (level 10, -1/75 HPs)
             Began as a Deep Dwarf Earth Elementalist on Dec 29, 2018.
             Was a Follower of Makhleb.
             Slain by an orc warrior
             ... wielding a +0 short sword
              (12 damage)
             ... on level 10 of the Dungeon.
             The game lasted 00:18:12 (13073 turns).

Azzok the Geomancer (DDEE)                         Turns: 13073, Time: 00:18:13

Health: -1/75      AC:  6    Str: 12    XL:     10   Next: 26%
Magic:  5/19       EV: 12    Int: 19    God:    Makhleb [*.....]
Gold:   450        SH:  0    Dex: 13    Spells: 4/23 levels left

rFire    . . .     SeeInvis .   B - +4 scimitar (flame)
rCold    . . .     Gourm    .   (no shield)
rNeg     . . .     Faith    +   C - +2 robe {MR+}
rPois    .         Spirit   .   (no helmet)
rElec    .         Reflect  .   v - +0 cloak
rCorr    .         Harm     .   s - +0 pair of gloves
MR       ++...                  (no boots)
Stlth    ++........             w - amulet of faith
HPRegen  0.00/turn              j - ring of wizardry
MPRegen  0.16/turn              (no ring)

@: non-regenerating
A: damage resistance, heal wounds, sense surroundings 2, no regeneration
a: Heal Wounds, Renounce Religion


You were on level 10 of the Dungeon.
You worshipped Makhleb.
Makhleb was aware of your devotion.
You were very hungry.

You visited 2 branches of the dungeon, and saw 11 of its levels.

You collected 620 gold pieces.
You spent 170 gold pieces at shops.

Inventory:

Hand Weapons
 B - a +4 scimitar of flaming (weapon)
Missiles
 b - 151 stones (quivered)
Armour
 s - a +0 pair of gloves (worn)
 v - a +0 cloak (worn)
 C - a +2 robe of magic resistance (worn)
Jewellery
 j - a ring of wizardry (left hand)
 k - a +3 amulet of reflection
 w - an amulet of faith (around neck)
Wands
 i - a wand of disintegration (18)
 z - a wand of random effects (20)
Scrolls
 e - 3 scrolls of amnesia {unknown}
 f - 5 scrolls of remove curse
 g - 4 scrolls of teleportation {unknown}
 h - 3 scrolls of enchant armour
 p - 2 scrolls of fog
 q - 2 scrolls of blinking {unknown}
 r - a scroll of brand weapon {unknown}
 t - 3 scrolls of fear
 u - 2 scrolls of immolation
 x - 3 scrolls of magic mapping {unknown}
 A - a scroll of torment
Potions
 a - 7 potions of might
 c - a potion of agility
 m - 2 potions of mutation {!q}
 n - a potion of curing
 o - a potion of invisibility
Comestibles
 d - 7 rations


   Skills:
 - Level 2.1 Dodging
 - Level 2.4 Stealth
 + Level 7.1 Spellcasting
 + Level 7.0 Conjurations
 + Level 3.5 Summonings
 - Level 0.8 Transmutations
 + Level 3.5 Ice Magic
 + Level 11.2 Earth Magic


You had 4 spell levels left.
You knew the following spells:

 Your Spells              Type           Power        Failure   Level  Hunger
a - Sandblast             Erth           #####.       1%          1    None
b - Stone Arrow           Conj/Erth      #####.       1%          3    #......
c - Petrify               Tmut/Erth      ####....     3%          4    ###....
d - Lee's Rapid Deconstr  Erth           #####.....   1%          5    #####..
e - Blink                 Tloc           N/A          6%          2    None
f - Summon Ice Beast      Ice/Summ       ###.....     9%          4    ###....

Your spell library contained the following spells:

 Spells                   Type           Power        Failure   Level  Hunger
 Magic Dart               Conj           ####         1%          1    None
 Summon Small Mammal      Summ           ###.         1%          1    None
 Call Imp                 Summ           ###.....     1%          2    None
 Passwall                 Tmut/Erth      ####....     1%          2    None
 Call Canine Familiar     Summ           ###.....     2%          3    #......
 Conjure Flame            Conj/Fire      ###.....     2%          3    #......
 Animate Skeleton         Necr           N/A          4%          1    None
 Apportation              Tloc           #.....       4%          1    None
 Confusing Touch          Hex            #.....       4%          1    None
 Pain                     Necr           #...         4%          1    None
 Mephitic Cloud           Conj/Pois/Air  ###.....     4%          3    #......
 Slow                     Hex            #.......     6%          2    None
 Summon Guardian Golem    Hex/Summ       ##......     6%          3    #......
 Vampiric Draining        Necr           #.........   12%         3    #......
 Summon Lightning Spire   Summ/Air       ##......     19%         4    ###....
 Animate Dead             Necr           N/A          36%         4    ###....
 Regeneration             Chrm/Necr      Unusable     N/A         3    N/A

Dungeon Overview and Level Annotations

Branches:
Dungeon (10/15)            Temple (1/1) D:6             Orc (0/2) D:10
   Lair: D:8-11

Altars:
Ashenzari
Cheibriados
Dithmenos
Elyvilon
Fedhas
Gozag
Hepliaklqana
Kikubaaqudgha
Makhleb
Nemelex Xobeh
Okawaru
Qazlal
Ru
Sif Muna
Trog
Uskayaw
Vehumet
Wu Jian
Xom
Yredelemnul
Zin
The Shining One

Shops:
D:4 (   D:5 *=?*[   D:8 *   D:9 }

Annotations:
D:7 2 transporters, tilp's ghost, novice MfIE


Innate Abilities, Weirdness & Mutations

You are resistant to damage.
You can heal yourself by infusing magical energy.
You passively map the area around you.
You do not regenerate.


Message History

Casting: Stone Arrow (safe; 1% risk of failure)
Confirm with . or Enter, or press ? or * to list all spells.
Aiming: Stone Arrow (safe; 1% risk of failure)
Press: ? - help, Shift-Dir - straight line, f/p - orc warrior
Aim: an orc warrior, wielding a +0 short sword and wearing a +0 chain mail The stone arrow misses the orc warrior.
An orc wizard comes into view. It is wielding a +0 dagger.
Casting: Stone Arrow (safe; 1% risk of failure)
Confirm with . or Enter, or press ? or * to list all spells.
Aiming: Stone Arrow (safe; 1% risk of failure)
Press: ? - help, Shift-Dir - straight line, f/p - orc warrior
Aim: an orc warrior, wielding a +0 short sword and wearing a +0 chain mail The stone arrow hits the orc warrior.
The orc warrior is severely wounded.
The orc wizard shouts!
* * * LOW MAGIC WARNING * * *
The orc warrior closely misses you.
There is a stone staircase leading up here.
The orc warrior hits you with a +0 short sword!
You die...

░ ░░░ > ░
░ ◦ ◦··▒ ░
░ ░░ ░ ◦░
◦ ░ ░ ▒·▒
◦ ◦◦◦ ◦ ◦
▒·▒ ░ ░ ░
░ ░ ▒·▒ ░
░◦◦░ < ▒·▒
░ ▒ ░◦ ◦ ░
░░ ░░ ▒·▒
)▒·· ░ ◦ ◦
◦◦ ░
▒·▒▒▒o····
◦ ◦ ◦◦ ◦
▒@▒·······
◦ ░ ░ ▒·o▒
░ ░
▒·▒▒◦░◦ ░
◦ ░ ░ ◦
▒··◦ ◦ ◦ ◦
░ ░ ▒·▒░◦
◦ ◦ ░ ◦
▒▒· ◦░ ◦ ◦
░ ░ ▒◦ ░◦
◦ ░ ░ ░ ░
░ ◦ ◦ ░ ◦
◦ ░


You could see an orc warrior.

Vanquished Creatures
  Erica (D:8)
  Joseph (D:8)
  Prince Ribbit (D:7)
  Sigmund (D:2)
  2 hungry ghosts
  A water moccasin (D:9)
  2 sky beasts
  A black bear (D:9)
  2 ogres
  2 orc warriors
  5 phantoms
  3 centaurs
  3 bullfrogs
  A scorpion (D:8)
  A wyvern skeleton (D:8)
  3 killer bees (D:9)
  2 wights (D:8)
  8 crimson imps
  3 hounds
  3 jellies
  3 bullfrog skeletons (D:4)
  6 orc priests
  6 orc wizards
  Crazy Yiuf (D:4)
  3 iguanas
  Terence (D:2)
  6 worker ants
  A hound zombie (D:8)
  7 gnolls (D:6)
  11 adders
  2 shadow imps
  2 oozes (D:2)
  An adder skeleton (D:7)
  5 worms
  4 leopard geckos
  31 orcs
  2 ball pythons
  8 giant cockroaches
  6 goblins
  A hobgoblin (D:1)
  11 jackals
  3 kobolds
  2 quokkas
  8 bats
  7 frilled lizards
  A jackal skeleton (D:4)
  2 leopard gecko skeletons
  A quokka skeleton (D:4)
  10 rats
198 creatures vanquished.

Notes
Turn   | Place    | Note
-------+----------+-------------------------------------------
     0 | D:1      | Azzok the Deep Dwarf Earth Elementalist began the quest for
                  | the Orb.
     0 | D:1      | Reached XP level 1. HP: 15/15 MP: 3/3
   465 | D:1      | Found a sparkling altar of Nemelex Xobeh.
   507 | D:1      | Reached XP level 2. HP: 22/22 MP: 3/5
  1288 | D:2      | Reached skill level 5 in Earth Magic
  1288 | D:2      | Reached XP level 3. HP: 28/28 MP: 0/6
  1293 | D:2      | Learned a level 3 spell: Stone Arrow
  1627 | D:2      | Noticed Terence
  2021 | D:2      | Noticed Sigmund
  2332 | D:2      | Killed Terence
  2332 | D:2      | Reached XP level 4. HP: 10/36 MP: 1/8
  2568 | D:2      | Killed Sigmund
  2568 | D:2      | Reached skill level 6 in Earth Magic
  2568 | D:2      | Reached XP level 5. HP: 36/42 MP: 2/10
  3036 | D:3      | Found a sparkling altar of Nemelex Xobeh.
  3676 | D:3      | Reached XP level 6. HP: 42/49 MP: 4/11
  3868 | D:3      | Learned a level 2 spell: Blink
  3955 | D:3      | Learned a level 5 spell: Lee's Rapid Deconstruction
  4695 | D:4      | Found Yppy's Weapon Shoppe.
  4711 | D:4      | Reached skill level 7 in Earth Magic
  4833 | D:4      | Reached XP level 7. HP: 43/55 MP: 6/13
  5767 | D:4      | Found an iron altar of Okawaru.
  6003 | D:4      | Found a runed door.
  6007 | D:4      | Noticed Crazy Yiuf
  6009 | D:4      | Killed Crazy Yiuf
  6157 | D:5      | Entered Level 5 of the Dungeon
  6158 | D:5      | Found Ofasuope's General Store.
  6159 | D:5      | Found Veuts's General Store.
  6160 | D:5      | Found Paefada's Jewellery Shop.
  6160 | D:5      | Found Qug Lole's Magic Scroll Shop.
  6268 | D:5      | Bought a potion of heal wounds for 60 gold pieces
  6271 | D:5      | Found Reczil's Antique Armour Shop.
  6273 | D:5      | Reached skill level 8 in Earth Magic
  6324 | D:5      | Bought a scroll of identify for 22 gold pieces
  6324 | D:5      | Bought a scroll of identify for 22 gold pieces
  6324 | D:5      | Bought a scroll of identify for 22 gold pieces
  6324 | D:5      | Bought a scroll of identify for 22 gold pieces
  6324 | D:5      | Bought a scroll of identify for 22 gold pieces
  6426 | D:5      | Got an encrusted flail
  6500 | D:5      | Reached XP level 8. HP: 23/62 MP: 0/15
  6745 | D:5      | Reached skill level 5 in Spellcasting
  6751 | D:5      | Learned a level 4 spell: Petrify
  7437 | D:5      | Found a shattered altar of Ashenzari.
  7873 | D:6      | Reached skill level 9 in Earth Magic
  7994 | D:6      | Found a staircase to the Ecumenical Temple.
  7995 | D:6      | Identified the +4 flail of True Grit {crush, rN+} (You
                  | found it on level 5 of the Dungeon)
  8014 | Temple   | Entered the Ecumenical Temple
  8259 | D:6      | Reached skill level 5 in Conjurations
  8939 | D:7      | Noticed Prince Ribbit
  8945 | D:7      | Killed Prince Ribbit
  9134 | D:7      | Gained mutation: You passively map the area around you.
                  | [Deep Dwarf growth]
  9134 | D:7      | Reached XP level 9. HP: 32/68 MP: 3/18
  9273 | D:7      | Found a glowing golden altar of the Shining One.
  9294 | D:7      | Reached skill level 10 in Earth Magic
  9447 | D:7      | Learned a level 4 spell: Summon Ice Beast
  9563 | D:7      | Found a burning altar of Makhleb.
  9596 | D:7      | Became a worshipper of Makhleb the Destroyer
  9650 | D:7      | Noticed tilp's ghost (novice MfIE)
  9651 | D:7      | Found a transporter.
  9652 | D:7      | Identified the cursed +0 great mace of Inconvenience
                  | {antimagic, rF+ Str+2 SInv}
  9652 | D:7      | Noticed a two-headed ogre
  9655 | D:7      | Found a transporter.
  9751 | D:7      | Found the +8 frozen axe "Frostbite" {freezing cloud, *Noise
                  | +Fly rC+}
  9941 | D:8      | Found an iron altar of Okawaru.
  9943 | D:8      | Found a shattered altar of Ashenzari.
 10032 | D:8      | Noticed Erica
 10045 | D:8      | Killed Erica
 10333 | D:8      | Found Roywn's Assorted Antiques.
 10547 | D:8      | Noticed Joseph
 10598 | D:8      | Killed Joseph
 10703 | D:8      | Found a radiant altar of Vehumet.
 10807 | D:8      | Found an ancient bone altar of Kikubaaqudgha.
 10898 | D:8      | Found a blossoming altar of Fedhas.
 10936 | D:8      | Found an opulent altar of Gozag.
 11535 | D:9      | Reached * piety under Makhleb
 11535 | D:9      | Reached XP level 10. HP: 23/75 MP: 13/19
 11698 | D:9      | Reached skill level 11 in Earth Magic
 11987 | D:9      | Found Tomadyr's Gadget Boutique.
 13063 | D:10     | Entered Level 10 of the Dungeon
 13073 | D:10     | Slain by an orc warrior

Vault maps used:
D:1:      sevenhm_arrival_forest_fort_large_4, nemelex_diamond_rough_becter
D:2:      uniq_sigmund, uniq_terence
D:3:      lemuel_doored_altar, first_ration
D:4:      serial_shops, nicolae_shop_behind_doors, okawaru_metal_pillars_1_2,
          uniq_crazy_yiuf_cottage
D:5:      serial_shops, shop, minmay_shop_grid_forest,
          nicolae_ashenzari_panopticon
D:6:      temple_pool_b
D:7:      tso_oasis_becter, lemuel_round_altar, gammafunk_ghost_smash,
          uniq_prince_ribbit1
D:8:      lemuel_round_altar, nicolae_overflow_quartered_altars, basic_altar,
          serial_shops, shop, uniq_erica, uniq_joseph
D:9:      serial_shops, nicolae_shop_window_shopping
D:10:     zombieorc2_lemuel, gammafunk_ghost_stat_death,
          hangedman_little_slice_of_home, lemuel_oklob_altar
Temple:   dpeg_chambers_temple

Skill      XL: |  1  2  3  4  5  6  7  8  9 10 |
---------------+-------------------------------+-----
Spellcasting   | 2 3 4 6 7 |  7.1
Earth Magic    | 5 6 7 8 9 10 11 | 11.2
Conjurations   | 2 3 4 5 6 7 |  7.0
Summonings     | 2 3 |  3.5
Ice Magic      | 3 |  3.5
Dodging        | |  2.1
Stealth        | |  2.4
Transmutations | |  0.8

Action                   |  1- 3 |  4- 6 |  7- 9 | 10-12 || total
-------------------------+-------+-------+-------+-------++-------
Melee: Unarmed           |     2 |     7 |     5 |       ||    14
       Dagger            |       |       |    13 |       ||    13
 Cast: Sandblast         |    40 |    18 |    49 |     2 ||   109
       Stone Arrow       |    16 |    44 |   150 |    40 ||   250
       Summon Ice Beast  |       |       |     3 |       ||     3
       Lee's Rapid Decon |       |       |     1 |     3 ||     4
       Petrify           |       |       |     1 |       ||     1
 Abil: Heal Wounds       |       |     1 |     1 |       ||     2
  Use: Scroll            |       |     5 |    10 |     2 ||    17
       Potion            |       |       |     3 |       ||     3
  Eat: Chunk             |     6 |    12 |    18 |     5 ||    41
       Ration            |       |       |     3 |       ||     3
Armor: Robe              |    11 |       |     4 |       ||    15
Dodge: Dodged            |    20 |    11 |    29 |     9 ||    69
Block: Other             |       |     3 |     4 |       ||     7
       Reflection        |       |       |     1 |       ||     1
       Rpst.: Scimitar   |       |       |     1 |     1 ||     2

Table legend:
 A = Non-vault XP
 B = Vault XP
 C = Vault XP percentage of total XP
 D = Non-vault monster count
 E = Vault monster count
 F = Vault count percentage of total count
                 A         B        C        D         E       F
            +---------+---------+-------+---------+---------+-------
      Total |    5157 |    1801 |  25.9 |     192 |       6 |   3.0
            +---------+---------+-------+---------+---------+-------
        D:1 |      21 |       0 |   0.0 |      13 |       0 |   0.0
        D:2 |      74 |     244 |  76.7 |      18 |       2 |  10.0
        D:3 |     126 |       0 |   0.0 |      26 |       0 |   0.0
        D:4 |     670 |      37 |   5.2 |      25 |       1 |   3.8
        D:5 |     740 |       0 |   0.0 |      30 |       0 |   0.0
        D:6 |     448 |       0 |   0.0 |      14 |       0 |   0.0
        D:7 |     690 |     286 |  29.3 |      17 |       1 |   5.6
        D:8 |     747 |    1234 |  62.3 |      23 |       2 |   8.0
        D:9 |    1558 |       0 |   0.0 |      24 |       0 |   0.0
       D:10 |      83 |       0 |   0.0 |       2 |       0 |   0.0
            +---------+---------+-------+---------+---------+-------
